 Seeded DCSS version 0.29-a0-559-g359e09b9d1 (webtiles) character file.

Game seed: 20220606 (custom seed)

494 nrs142 the Skirmisher (level 6, -2/56 HPs)
             Began as a Minotaur Monk on June 9, 2022.
             Was an Initiate of Ashenzari.
             Slain by a gnoll
             ... wielding a +0 halberd
              (7 damage)
             ... on level 5 of the Dungeon.
             The game lasted 00:07:43 (4868 turns).

nrs142 the Skirmisher (Minotaur Monk)               Turns: 4868, Time: 00:07:45

Health: -2/56      AC:  9    Str: 18    XL:     6   Next: 92%
Magic:  5/5        EV:  8    Int:  7    God:    Ashenzari [......]
Gold:   230        SH:  0    Dex: 12    Spells: 5/5 levels left

rFire   . . .      SeeInvis .   f - +0 broad axe
rCold   . . .      Faith    .   (no shield)
rNeg    . . .      Spirit   .   l - +0 chain mail
rPois   .          Reflect  .   (helmet restricted)
rElec   .          Harm     .   p - scarf {+Inv}
rCorr   .          Rampage  .   k - +0 pair of gloves
Will    .....                   (no boots)
Stlth   ..........              o - amulet of magic regeneration
HPRegen 0.18/turn               (no ring)
MPRegen 0.49/turn               (no ring)

@: no status effects
A: horns 2, retaliatory headbutt
a: Renounce Religion, Evoke Invisibility, Curse Item


You were on level 5 of the Dungeon.
You worshipped Ashenzari.
Ashenzari was noncommittal.
You visited 1 branch of the dungeon, and saw 5 of its levels.

You collected 230 gold pieces.

Inventory:

Hand Weapons
 f - a +0 broad axe (weapon)
Armour
 k - a +0 pair of gloves (worn)
 l - a +0 chain mail (worn)
 p - a scarf of invisibility (worn)
Jewellery
 o - an amulet of magic regeneration (around neck)
Scrolls
 a - a scroll of silence {unknown}
 b - 3 scrolls of teleportation
 d - a scroll of noise {unknown}
 e - 11 scrolls of identify {unknown}
 j - 2 scrolls of fear {unknown}
 m - a scroll of poison {unknown}
 n - a scroll of enchant weapon {unknown}
 s - a scroll of immolation {unknown}
Potions
 c - a potion of ambrosia
 g - a potion of lignification {unknown}
 h - a potion of might {unknown}
 i - 2 potions of brilliance {unknown}
 q - a potion of berserk rage {unknown}
 r - 2 potions of curing
 u - a potion of invisibility {unknown}
 v - a potion of cancellation {unknown}
 w - a potion of mutation {unknown}
 x - a potion of flight {unknown}


   Skills:
 + Level 5.6 Fighting
 + Level 5.6 Axes
 + Level 5.1 Dodging
 + Level 3.6 Stealth


You had 5 spell levels left.
You didn't know any spells.
Your spell library contained the following spells:

 Spells                   Type           Power      Damage    Failure   Level
 Slow                     Hex            0%         N/A       100%        1
 Ensorcelled Hibernation  Hex/Ice        0%         N/A       100%        2
 Passwall                 Tmut/Erth      0%         N/A       100%        2
 Confusing Touch          Hex            0%         N/A       100%        3
 Swiftness                Air            0%         N/A       100%        3
 Vampiric Draining        Necr           0%         2d6       100%        3
 Yara's Violent Unravell  Hex/Tmut       0%         3d3       100%        5
 Enfeeble                 Hex            0%         N/A       100%        7


Dungeon Overview and Level Annotations

Branches:
Dungeon (5/15)             Temple (0/1) D:4

Altars:
Ashenzari
Uskayaw
Beogh

Shops:
D:3 (

Annotations:
D:5 2 transporters, Blork the orc


Innate Abilities, Weirdness & Mutations

You have a pair of horns on your head.
You reflexively headbutt those who attack you in melee.


Message History

There is a stone staircase leading down here.
Blork the orc comes into view.
He is wielding a +0 flail.
Blork the orc shouts!
The gnoll shouts!
Found 14 gold pieces.
The gnoll shouts! x2
Blork the orc hits you with a +0 flail. The gnoll hits you with a +0 flail.
You hit Blork the orc but do no damage. You barely miss the gnoll.
Blork the orc hits you with a +0 flail.
The gnoll hits you but does no damage. x2
You completely miss Blork the orc. You hit the gnoll but do no damage. x2
The gnoll hits you but does no damage. The gnoll barely misses you.
Blork the orc hits you with a +0 flail.
Blork the orc screams, "I'm much stronger than you!"
Blork the orc gestures at you while chanting.
The puff of flame hits you. The gnoll hits you but does no damage.
The gnoll hits you from afar with a +0 halberd!
The gnoll hits you with a +0 flail!
You are too injured to fight recklessly!
You are too injured to fight recklessly!
You are too injured to fight recklessly!
You barely miss the gnoll. You hit the gnoll.
You hit Blork the orc but do no damage. The gnoll closely misses you.
The gnoll hits you with a +0 flail.
* * * LOW HITPOINT WARNING * * *
The gnoll hits you from afar with a +0 halberd.
* * * LOW HITPOINT WARNING * * *
Blork the orc hits you but does no damage.
You slash the gnoll! Your headbutt misses the gnoll.
The gnoll is almost dead.
You closely miss the gnoll. You slash Blork the orc!
The gnoll closely misses you. You furiously retaliate!
You headbutt the gnoll!
Blork the orc hits you but does no damage.
The gnoll barely misses you. The gnoll closely misses you.
You closely miss the gnoll.
The gnoll is almost dead.
You hit the gnoll. You hit Blork the orc. The gnoll hits you with a +0 flail.
* * * LOW HITPOINT WARNING * * *
The gnoll barely misses you. The gnoll hits you but does no damage.
Blork the orc hits you but does no damage.
The gnoll hits you from afar with a +0 halberd!
You die...

...... .... ..... #
..... #..# .#
......######.######.##
###
.......#....>.......$..
...
........#.###...........
...
........#.#...........#
##
#........#..........###
#........#.....@g...'..
#........#....g.o...###
#........#.....g....#
#........#..........#
#........#..........#
#.................###
######............# #
#............# ##
#######.......... #####.


You could see Blork the orc and 3 gnolls.

Vanquished Creatures
  An ogre (D:5)
  A bullfrog (D:4)
  A howler monkey (D:3)
  A hound (D:5)
  A gnoll shaman (D:5)
  An orc wizard (D:4)
  Robin (D:3)
  4 gnolls (D:5)
  10 adders
  3 worms
  2 dart slugs (D:2)
  4 orcs
  5 endoplasms
  2 giant cockroaches
  17 goblins
  6 hobgoblins
  A quokka (D:2)
  4 ball pythons
  3 bats
  A frilled lizard (D:1)
  5 kobolds
  6 rats
80 creatures vanquished.

Notes
Turn   | Place    | Note
-------+----------+-------------------------------------------
     0 | D:1      | nrs142 the Minotaur Monk began the quest for the Orb.
     0 | D:1      | Reached XP level 1. HP: 19/19 MP: 0/0
   459 | D:1      | Reached XP level 2. HP: 27/27 MP: 1/1
   467 | D:1      | Found a faded altar of an unknown god.
  1173 | D:2      | Reached XP level 3. HP: 33/33 MP: 2/2
  1701 | D:3      | Reached XP level 4. HP: 10/40 MP: 3/3
  2320 | D:3      | Noticed Robin
  2331 | D:3      | Killed Robin
  2410 | D:3      | Found Watic Nimeh's Weapon Shoppe.
  2690 | D:3      | Reached XP level 5. HP: 39/47 MP: 4/4
  3051 | D:4      | Found a broken altar of Ashenzari.
  3140 | D:4      | Became a worshipper of Ashenzari the Shackled
  3256 | D:4      | Found a staircase to the Ecumenical Temple.
  3305 | D:4      | Reached skill level 5 in Fighting
  3305 | D:4      | Reached skill level 5 in Axes
  3599 | D:4      | Reached XP level 6. HP: 56/56 MP: 5/5
  3645 | D:5      | Entered Level 5 of the Dungeon
  3875 | D:5      | Found a transporter.
  3892 | D:5      | Found a transporter.
  4230 | D:5      | Reached skill level 5 in Dodging
  4540 | D:5      | Found a hide-covered altar of Uskayaw.
  4540 | D:5      | Noticed a +0 falchion
  4540 | D:5      | Noticed a +0 spear
  4540 | D:5      | Noticed a +0 spear
  4540 | D:5      | Noticed a +0 short sword
  4541 | D:5      | Noticed a +0 dagger
  4541 | D:5      | Noticed a +0 falchion
  4544 | D:5      | Noticed a +0 dagger
  4860 | D:5      | Noticed Blork the orc
  4868 | D:5      | Slain by a gnoll

Illustrated notes

Levels and vault maps discovered:
D:1:      dpeg_arrival_lava_temple_mockup, layout_loops_ring,
          hellmonk_ecumenical_altar_defaced_shrine
D:2:      minmay_general_purpose_star, layout_rooms
D:3:      layout_rooms, serial_rivers, chequers_serial_rivers_micro_c,
          chequers_serial_rivers_small_b, chequers_serial_rivers_large_a,
          chequers_serial_rivers_small_b, chequers_serial_rivers_room_b,
          chequers_serial_rivers_micro_a, serial_shops, shop, uniq_robin
D:4:      layout_gridville, lemuel_doored_altar, minmay_temple_entry_ruins
D:5:      gammafunk_wand_slinger, layout_basic, nicolae_uskayaw_en_pointe,
          uniq_blork_the_orc

Skill      XL: |  1  2  3  4  5  6 |
---------------+-------------------+-----
Fighting       | 4 5 |  5.6
Axes           | 4 5 |  5.6
Stealth        | 2 3 |  3.6
Dodging        | 4 5 |  5.1

Action                   |  1- 3 |  4- 6 || total
-------------------------+-------+-------++-------
Melee: Broad axe         |    68 |   150 ||   218
       Hand axe          |     4 |       ||     4
       Headbutt          |     6 |    22 ||    28
       Punch             |       |     1 ||     1
  Use: Potion            |       |     5 ||     5
       Scroll            |       |     1 ||     1
 Stab: Sleeping          |     3 |       ||     3
Armor: Robe              |     5 |       ||     5
       Chain mail        |    34 |    99 ||   133
Dodge: Dodged            |    32 |    75 ||   107

Table legend: (Time is in decaauts)
 A = Elapsed time spent in this place.
 B = Non-inter-level travel time spent in this place.
 C = Inter-level travel time spent in this place.
 D = Time resting spent in this place.
 E = Time spent auto-exploring this place.
 F = Levels seen in this place.
 G = Mean time per level.
                   A        B        C        D        E       F      G
               +--------+--------+--------+--------+--------+-----+--------+
         Total |   4966 |   4705 |    261 |   1154 |   2755 |   5 |  993.2 |
       Dungeon |   4966 |   4705 |    261 |   1154 |   2755 |   5 |  993.2 |
               +--------+--------+--------+--------+--------+-----+--------+

Top non-repeatable levels by time:
     D:5: 1238 daAuts
     D:3: 1228 daAuts
     D:1: 1123 daAuts
     D:4: 797 daAuts
     D:2: 578 daAuts
